 Dungeon Crawl Stone Soup version 0.29-a0-284-gf9362112df (webtiles) character file.

Game seed: 18042543149630900231

13 sammy202020 the Skirmisher (level 2, 24/24 HPs)
             Began as a Demonspawn Berserker on Mar 23, 2022.
             Was a Follower of Trog.
             Quit the game on level 1 of the Dungeon.
             The game lasted 00:00:46 (665 turns).

sammy202020 the Skirmisher (Demonspawn Berserker)    Turns: 665, Time: 00:00:46

Health: 24/24      AC:  2    Str: 17    XL:     2   Next: 24%
Magic:  2/2        EV: 12    Int:  8    God:    Trog [*.....]
Gold:   52         SH:  0    Dex: 12    Spells: 1/1 levels left

rFire   . . .      SeeInvis .   a - +0 short sword
rCold   . . .      Faith    .   (no shield)
rNeg    . . .      Spirit   .   b - +0 animal skin
rPois   .          Reflect  .   (helmet restricted)
rElec   .          Harm     .   (no cloak)
rCorr   .          Rampage  .   (no gloves)
Will    .....                   (no boots)
Stlth   +.........              (no amulet)
HPRegen 0.08/turn               (no ring)
MPRegen 0.08/turn               (no ring)

@: no status effects
A: antennae 1
a: Renounce Religion, Berserk


You were on level 1 of the Dungeon.
You worshipped Trog.
Trog was aware of your devotion.
You visited 1 branch of the dungeon, and saw 1 of its levels.

You collected 52 gold pieces.

Inventory:

Hand Weapons
 a - a +0 short sword (weapon)
Armour
 b - a +0 animal skin (worn)
Scrolls
 c - a scroll of amnesia {unknown}
 d - a scroll of immolation {unknown}
Potions
 e - 2 potions of curing {unknown}


   Skills:
 * Level 3.1 Fighting
 * Level 2.9 Short Blades
 * Level 2.1 Armour
 + Level 1.9 Dodging


You had one spell level left.
You didn't know any spells.
Your spell library was empty.

Dungeon Overview and Level Annotations

Branches:
Dungeon (1/15)

Altars:


Innate Abilities, Weirdness & Mutations

You have a pair of small antennae on your head.


Message History

No target in view!
No target in view!
No target in view!
No target in view!
No target in view!
Found 20 stones.
Unknown command.
No target in view!
You now have 52 gold pieces (gained 8).
Found a ring mail.
A rat comes into view.
A rat is nearby!
You hit the rat but do no damage. The rat bites you.
You closely miss the rat. The rat closely misses you.
You completely miss the rat. The rat misses you.
You barely miss the rat. The rat closely misses you.
You closely miss the rat. You hit the rat.
You kill the rat!
Trog accepts your kill.
No target in view!
You see here a rat corpse.
A bat comes into view.
A bat is nearby!
The bat hits you.
You hit the bat but do no damage. The bat barely misses you.
You miss the bat. The bat barely misses you. The bat closely misses you.
A bat is nearby!
A bat is nearby!
A bat is nearby!
The bat hits you but does no damage. x2
You hit the bat.
You kill the bat!
Trog accepts your kill.
No target in view!
No target in view!
A ball python comes into view.
A ball python is nearby!
Are you sure you want to abandon this character and quit the game? (Confirm with "yes".)

#.# #.....##.####.
#.#####.###.##.####.
#.......# #.........
###.###.###.###.###.
#.###.....# #.# #.
#.......### #.# #.
#.####### #.# #.
#.....S.. ..# #. #@##
### #. ##.## ##
##.#.##
##.###.######## #.##
##.......##
#..###.#####...##
#.#.#.## ##.....##
#.##.#####..[....####
#.##...†.............


You could see a ball python (asleep).

Vanquished Creatures
  A bat (D:1)
  3 endoplasms (D:1)
  2 giant cockroaches (D:1)
  2 hobgoblins (D:1)
  2 ball pythons (D:1)
  A rat (D:1)
11 creatures vanquished.

Notes
Turn   | Place    | Note
-------+----------+-------------------------------------------
     0 | D:1      | sammy202020 the Demonspawn Berserker began the quest for
                  | the Orb.
     0 | D:1      | Reached XP level 1. HP: 18/18 MP: 1/1
     1 | D:1      | Noticed a vampire
     3 | D:1      | Noticed a dwarf
     6 | D:1      | Noticed an octopode
     7 | D:1      | Noticed a vampire
     8 | D:1      | Noticed a troll
    10 | D:1      | Noticed a formicid
    10 | D:1      | Noticed a naga
    13 | D:1      | Noticed a troll
    13 | D:1      | Noticed a ghoul
    15 | D:1      | Noticed an ogre
    15 | D:1      | Noticed a troll
    17 | D:1      | Noticed an octopode
    17 | D:1      | Noticed a tengu
    19 | D:1      | Noticed a felid
    19 | D:1      | Noticed an elf
    21 | D:1      | Noticed a tengu
   324 | D:1      | Gained mutation: You have a pair of small antennae on your
                  | head. [demonic ancestry]
   324 | D:1      | Reached XP level 2. HP: 19/24 MP: 2/2
   665 | D:1      | Quit the game

Illustrated notes

Levels and vault maps discovered:
D:1:      shiori_arrival_whats_in_store_for_you, layout_loops_ring

Skill      XL: |  1 |
---------------+----+-----
Armour         | 2 |  2.1
Fighting       | |  3.1
Short Blades   | |  2.9
Dodging        | |  1.9

Action                   || total
-------------------------++-------
Melee: Short sword       ||    48
Armor: Animal skin       ||     7
Dodge: Dodged            ||    26

Table legend: (Time is in decaauts)
 A = Elapsed time spent in this place.
 B = Non-inter-level travel time spent in this place.
 C = Inter-level travel time spent in this place.
 D = Time resting spent in this place.
 E = Time spent auto-exploring this place.
 F = Levels seen in this place.
 G = Mean time per level.
                   A        B        C        D        E       F      G
               +--------+--------+--------+--------+--------+-----+--------+
         Total |    662 |    662 |      0 |      0 |    574 |   1 |  662.0 |
       Dungeon |    662 |    662 |      0 |      0 |    574 |   1 |  662.0 |
               +--------+--------+--------+--------+--------+-----+--------+

Top non-repeatable levels by time:
     D:1: 662 daAuts
